 Dungeon Sprint DCSS version 0.21.1-1-g345015f (webtiles) character file.

14429 Psiloshibe the Warrior (level 12, 0/111 HPs)
             Began as a Barachi Berserker on June 10, 2018.
             Was the Champion of Trog.
             Killed by vampiric draining
             ... invoked by a vampire knight
              (18 damage)
             ... in the Dungeon (Sprint IX: "|||||||||||||||||||||||||||||").
             The game lasted 00:10:58 (1669 turns).

Psiloshibe the Warrior (Barachi Berserker)          Turns: 1669, Time: 00:10:59

Health: 0/111      AC: 31    Str: 29    XL:     12   Next: 16%
Magic:  12/12      EV: 12    Int:  8    God:    Trog [******]
Gold:   1900       SH:  0    Dex: 12    Spells: 11/11 levels left

rFire    . . .     SeeInvis .   a - +7 great sword (protect)
rCold    + . .     Gourm    .   (shield currently unavailable)
rNeg     . . .     Faith    .   b - +2 plate armour {rC+}
rPois    .         Spirit   .   H - +1 helmet
rElec    .         Reflect  .   (no cloak)
rCorr    .         Harm     .   n - +0 pair of gloves
MR       .....     NoTele   +   y - +0 pair of boots
Stlth    ..........             (no amulet)
HPRegen  0.28/turn              q - +3 ring of strength
MPRegen  0.13/turn              r - +3 ring of strength

@: protection aura, slow
A: +LOS, swims, slowness 1, strong legs 1
a: Hop, Berserk, Trog's Hand, Brothers in Arms, Burn Spellbooks, Renounce
Religion


You were in the Dungeon.
You worshipped Trog.
Trog was exalted by your worship.
You were very hungry.

You visited 1 branch You collected 1900 gold pieces.

Inventory:

Hand Weapons
 a - a +7 great sword of protection (weapon)
 u - a +0 blowgun
 A - a +2 long sword of venom
 B - a +4 antimagic triple sword
 D - a +2 antimagic great sword
 E - a +4 great sword of protection
 F - a +2 scimitar of holy wrath
Missiles
 s - 7 needles of confusion
 z - 3 poisoned javelins (quivered)
 G - 2 steel tomahawks
 I - 6 tomahawks of returning
Armour
 b - a +2 plate armour of cold resistance (worn)
 n - a +0 pair of gloves (worn)
 y - a +0 pair of boots (worn)
 H - a +1 helmet (worn)
Jewellery
 q - a +3 ring of strength (left hand)
 r - a +3 ring of strength (right hand)
Wands
 m - a wand of acid (9)
Scrolls
 i - 2 scrolls of blinking
 l - 5 scrolls of remove curse
 p - a scroll of fog
 w - 4 scrolls of fear
 x - 3 scrolls of identify
Potions
 d - 7 potions of curing
 e - 8 potions of heal wounds
 f - a potion of haste
 g - 4 potions of magic
 h - 2 potions of berserk rage
 k - a potion of invisibility
 o - a potion of resistance
 t - a potion of might
 v - a potion of flight
Comestibles
 c - 11 rations
 C - 9 chunks of flesh


   Skills:
 + Level 15.7 Fighting
   Level 13.2(15.5) Short Blades
 + Level 15.1(17.2) Long Blades
 * Level 14.8 Throwing
 + Level 14.6 Armour
 + Level 7.7 Dodging
 + Level 1.2 Stealth
 + Level 0.2 Evocations


You had 11 spell levels left.
You didn't know any spells.

Dungeon Overview and Level Annotations

Branches:
Dungeon (1/1)

Altars:
Cheibriados
Dithmenos
Elyvilon
Fedhas
Gozag
Hepliaklqana
Kikubaaqudgha
Makhleb
Nemelex Xobeh
Okawaru
Qazlal
Ru
Sif Muna
Trog
Uskayaw
Vehumet
Wu Jian
Xom
Yredelemnul
Zin
The Shining One
Beogh
Jiyva
Lugonu

Shops:
D }%*[


Innate Abilities, Weirdness & Mutations

Shadows flee at your approach. (+LOS)
You can swim through water.
You cover ground slowly.
You can hop short distances.


Message History

Your stone giant hits the ogre mage!!!
Something hits you!
* * * LOW HITPOINT WARNING * * *
Something bites you but does no damage.
You hit something but do no damage.
Your stone giant hits the ogre mage!!!
The ogre mage dies!
Trog accepts your kill. Something appears at your feet!
Trog grants you ammunition!
Trog appreciates your killing of a magic user.
Something hits you but does no damage. Something bites you but does no damage.
Your stone giant hits the cyan ugly thing!!!
Unknown command.
You hit something but do no damage.
The cyan ugly thing tail-slaps your stone giant but does no damage.
You hear some strange, mumbled words.
Something tries to affect you, but you resist.
Your stone giant barely misses the cyan ugly thing.
Unknown command.
You closely miss something.
Unholy energy fills the air.
You die...

▓.▓.▓.▓.▓.▓.▓.▓
▓.▓.▓.▓.▓∩▓.▓)▓
▓)▓.▓÷▓.▓.▓.▓.▓
▓[▓.▓.▓.▓)▓.▓†▓
▓?▓.▓.▓.▓)▓.▓u▓
▓.▓.▓÷▓.▓)▓)▓C▓
▓'▓.▓)▓.▓)▓.▓(▓
▓_▓.▓.▓.▓)▓.▓{▓
▓_▓.▓.▓.▓.▓.▓@▓
▓_▓.▓.▓.▓.▓.▓.▓
▓_▓.▓.▓.▓.▓.▓.▓
▓_▓.▓.▓.▓)▓.▓.▓
▓_▓.▓.▓.▓.▓.▓.▓
▓_▓.▓.▓.▓.▓.▓.▓
▓_▓.▓.▓.▓)▓.▓.▓
▓_▓.▓.▓.▓)▓.▓.▓
▓_▓.▓†▓.▓)▓.▓[▓


You could see a cyan ugly thing and a friendly stone giant (berserk).

Vanquished Creatures
  A great orb of eyes (D)
  An ice dragon (D)
  Erica (D)
  A two-headed ogre (D)
  A centaur warrior (D)
  An orc high priest (D)
  A harpy (shapeshifter) (D)
  6 orc sorcerers (D)
  An ugly thing (D)
  A manticore (D)
  2 gargoyles (D)
  A spiny frog (D)
  A komodo dragon (D)
  4 polar bears (D)
  3 yaks (D)
  A wyvern (D)
  A vampire (D)
  Grum (D)
  3 basilisks (D)
  An acid dragon (D)
  A porcupine (D)
  8 orc warriors (D)
  3 water moccasins (D)
  4 black bears (D)
  An eye of draining (D)
  2 wolves (D)
  An ogre (D)
  2 centaurs (D)
  A crocodile (D)
  2 bullfrogs (D)
  2 crimson imps (D)
  4 orc priests (D)
  9 orc wizards (D)
  3 worker ants (D)
  An adder (D)
  An ooze (D)
  A leopard gecko (D)
  9 orcs (D)
  2 bat skeletons (D)
  A hobgoblin (D)
  A quokka (D)
  A ball python skeleton (D)
  A frilled lizard (D)
  A rat (D)
95 creatures vanquished.

Vanquished Creatures (collateral kills)
  An ogre mage (D)
  2 elephants (D)
  A komodo dragon (D)
  A blink frog (D)
  A wolf (D)
6 creatures vanquished.

Vanquished Creatures (others)
  An orc wizard (D)
1 creature vanquished.

Grand Total: 102 creatures vanquished

Notes
Turn   | Place    | Note
-------+----------+-------------------------------------------
     0 | D        | Psiloshibe the Barachi Berserker began the quest for the Orb.
     0 | D        | Reached XP level 1. HP: 18/18 MP: 1/1
    10 | D        | Reached ** piety under Trog
    17 | D        | Reached XP level 2. HP: 17/26 MP: 2/2
   136 | D        | Reached skill level 5 in Fighting
   136 | D        | Reached skill level 5 in Long Blades
   136 | D        | Reached XP level 3. HP: 33/33 MP: 3/3
   139 | D        | Reached *** piety under Trog
   151 | D        | Reached XP level 4. HP: 40/40 MP: 4/4
   156 | D        | Found a roughly hewn altar of Beogh.
   156 | D        | Found a snail-covered altar of Cheibriados.
   156 | D        | Found a shadowy altar of Dithmenos.
   156 | D        | Found a white marble altar of Elyvilon.
   156 | D        | Found a blossoming altar of Fedhas.
   156 | D        | Found an opulent altar of Gozag.
   156 | D        | Found a hazy altar of Hepliaklqana.
   157 | D        | Found a viscous altar of Jiyva.
   158 | D        | Found an ancient bone altar of Kikubaaqudgha.
   159 | D        | Found a corrupted altar of Lugonu.
   160 | D        | Found a burning altar of Makhleb.
   161 | D        | Found a sparkling altar of Nemelex Xobeh.
   162 | D        | Found an iron altar of Okawaru.
   163 | D        | Found a stormy altar of Qazlal.
   164 | D        | Found a sacrificial altar of Ru.
   165 | D        | Found a deep blue altar of Sif Muna.
   166 | D        | Found a bloodstained altar of Trog.
   167 | D        | Found a hide-covered altar of Uskayaw.
   168 | D        | Found a radiant altar of Vehumet.
   169 | D        | Found an ornate altar of the Wu Jian Council.
   170 | D        | Found a shimmering altar of Xom.
   171 | D        | Found a basalt altar of Yredelemnul.
   172 | D        | Found a glowing silver altar of Zin.
   173 | D        | Found a glowing golden altar of the Shining One.
   231 | D        | Noticed an eye of draining
   231 | D        | Noticed a vampire
   231 | D        | Noticed a gargoyle
   231 | D        | Noticed a water moccasin
   235 | D        | Reached **** piety under Trog
   238 | D        | Killed a water moccasin
   238 | D        | Reached XP level 5. HP: 45/49 MP: 5/5
   246 | D        | Killed a gargoyle
   246 | D        | Reached skill level 5 in Dodging
   246 | D        | Reached XP level 6. HP: 38/60 MP: 0/6
   246 | D        | Reached XP level 7. HP: 41/65 MP: 0/7
   250 | D        | Killed a vampire
   250 | D        | Reached skill level 10 in Fighting
   250 | D        | Reached skill level 5 in Armour
   254 | D        | Reached ***** piety under Trog
   306 | D        | Noticed a two-headed ogre
   306 | D        | Noticed a basilisk
   326 | D        | Killed a basilisk
   353 | D        | Killed a two-headed ogre
   353 | D        | Reached XP level 8. HP: 24/76 MP: 8/8
   384 | D        | Received a gift from Trog
   394 | D        | Reached XP level 9. HP: 58/82 MP: 9/9
   530 | D        | Received a gift from Trog
   561 | D        | Reached skill level 5 in Short Blades
   571 | D        | Received a gift from Trog
   608 | D        | Noticed an elephant
   608 | D        | Noticed a komodo dragon
   608 | D        | Noticed an elephant
   608 | D        | Noticed a komodo dragon
   608 | D        | Noticed a spiny frog
   632 | D        | Killed a spiny frog
   632 | D        | Reached skill level 10 in Throwing
   647 | D        | Killed a komodo dragon
   647 | D        | Received a gift from Trog
   647 | D        | Reached XP level 10. HP: 20/92 MP: 10/10
   708 | D        | Killed an elephant
   713 | D        | Killed an elephant
   796 | D        | Reached skill level 10 in Short Blades
   796 | D        | Reached skill level 10 in Armour
   804 | D        | Received a gift from Trog
  1107 | D        | Received a gift from Trog
  1118 | D        | Received a gift from Trog
  1126 | D        | Received a gift from Trog
  1140 | D        | Reached ****** piety under Trog
  1180 | D        | Noticed an orc sorcerer
  1182 | D        | Received a gift from Trog
  1186 | D        | Killed an orc sorcerer
  1189 | D        | Noticed an orc high priest
  1194 | D        | Noticed a smoke demon
  1198 | D        | Received a gift from Trog
  1201 | D        | Reached XP level 11. HP: 78/100 MP: 11/11
  1214 | D        | Killed an orc high priest
  1287 | D        | Found Lyptov's Antique Armour Boutique.
  1287 | D        | Noticed an orc sorcerer
  1287 | D        | Noticed an orc sorcerer
  1287 | D        | Noticed an orc sorcerer
  1288 | D        | Killed an orc sorcerer
  1291 | D        | Killed an orc sorcerer
  1291 | D        | Received a gift from Trog
  1292 | D        | Killed an orc sorcerer
  1292 | D        | Received a gift from Trog
  1298 | D        | Found Gaodgh's Assorted Antiques.
  1300 | D        | Noticed an orc sorcerer
  1304 | D        | Found Tacoe's Food Boutique.
  1315 | D        | Killed an orc sorcerer
  1315 | D        | Received a gift from Trog
  1317 | D        | Found Koacviege's Gadget Shop.
  1321 | D        | Noticed an orc sorcerer
  1335 | D        | Killed an orc sorcerer
  1344 | D        | Received a gift from Trog
  1443 | D        | Noticed Erica
  1451 | D        | Killed Erica
  1494 | D        | Noticed Grum
  1502 | D        | Killed Grum
  1636 | D        | Noticed a manticore
  1636 | D        | Noticed a centaur warrior
  1636 | D        | Noticed a harpy
  1639 | D        | Killed a harpy
  1639 | D        | Received a gift from Trog
  1639 | D        | Reached skill level 15 in Fighting
  1641 | D        | Noticed a great orb of eyes
  1644 | D        | Killed a manticore
  1644 | D        | Reached skill level 1 in Stealth
  1645 | D        | Noticed an ice dragon
  1646 | D        | Noticed a vampire knight
  1646 | D        | Killed a centaur warrior
  1647 | D        | Received a gift from Trog
  1649 | D        | Paralysed by a great orb of eyes for 5 turns
  1650 | D        | Noticed a purple ugly thing
  1652 | D        | Noticed an ogre mage
  1654 | D        | Noticed a cyan ugly thing
  1655 | D        | Killed a great orb of eyes
  1655 | D        | Received a gift from Trog
  1655 | D        | Reached XP level 12. HP: 97/110 MP: 12/12
  1662 | D        | Killed an ice dragon
  1662 | D        | Reached skill level 15 in Long Blades
  1667 | D        | Killed an ogre mage
  1667 | D        | Received a gift from Trog
  1669 | D        | Killed from afar by a vampire knight

Skill      XL: |  1  2  3  4  5  6  7  8  9 10 11 12 |
---------------+-------------------------------------+-----
Fighting       | 4 5 6 7 9 11 12 13 14 15 | 15.7
Long Blades    | 4 5 6 8 11 13 14 15 | 15.1
Throwing       | 2 4 6 8 10 11 14 | 14.8
Armour         | 3 4 6 9 11 14 | 14.6
Dodging        | 3 4 5 6 7 |  7.7
Short Blades   | 2 8 11 13 | 13.2
Stealth        | 1 |  1.2
Evocations     | |  0.2

Action                   |  1- 3 |  4- 6 |  7- 9 | 10-12 || total
-------------------------+-------+-------+-------+-------++-------
Melee: Falchion          |    33 |       |       |       ||    33
       Scimitar          |       |    12 |     9 |       ||    21
       Rapier            |       |       |   107 |   112 ||   219
       Great sword       |       |       |       |    22 ||    22
Throw: Javelin           |       |       |       |    29 ||    29
Invok: Trog's Hand       |     1 |     1 |     6 |     3 ||    11
       Berserk           |     1 |     1 |       |       ||     2
       Brothers in Arms  |       |       |       |     3 ||     3
 Abil: Hop               |       |       |     1 |       ||     1
Evoke: Wand              |       |       |     1 |       ||     1
  Use: Potion            |       |       |     1 |       ||     1
  Eat: Chunk             |       |       |     5 |     5 ||    10
Armor: Animal skin       |     4 |       |       |       ||     4
       Chain mail        |       |       |    56 |    39 ||    95
       Plate armour      |       |       |       |    26 ||    26
Dodge: Dodged            |    17 |     7 |    78 |    59 ||   161
       Rpst.: Falchion   |     5 |       |       |       ||     5
       Scimitar          |       |     1 |       |       ||     1
       Great sword       |       |       |       |     2 ||     2
